 Dungeon Crawl Stone Soup version 0.30-a0-860-g512cf1e979 (webtiles) character file.

Game seed: 8174134763366549512

525 112233 the Magician (level 7, -1/55 HPs)
             Began as a Naga Conjurer on Mar 8, 2023.
             Slain by Dowan
             ... wielding a +5 vampiric dagger
              (5 damage)
             ... on level 4 of the Dungeon.
             The game lasted 00:04:10 (4310 turns).

112233 the Magician (Naga Conjurer)                 Turns: 4310, Time: 00:04:10

Health: -1/55      AC:  3    Str: 10    XL:     7   Next: 23%
Magic:  12/17      EV:  9    Int: 20    God:
Gold:   278        SH:  0    Dex:  9    Spells: 17/20 levels left

rFire   . . .      SeeInvis +    d - +2 dagger (venom)
rCold   . . .      Faith    .    (no shield)
rNeg    . . .      Spirit   .    a - +0 robe
rPois   +          Reflect  .    (helmet restricted)
rElec   .          Rampage  .    (no cloak)
rCorr   .                        (no gloves)
Will    .....                    (no barding)
Stlth   ++                       f - amulet of magic regeneration
HPRegen 0.29/turn                (no ring)
MPRegen 0.55/turn                (no ring)

@: very slow
A: AC +2, large, see invisible, deformed body, poison resistance, slowness 2,
spit poison 1, naga tail 1, horns 1
a: Spit Poison


You were on level 4 of the Dungeon.
You visited 1 branch of the dungeon, and saw 4 of its levels.

You collected 278 gold pieces.

Inventory:

Hand Weapons
 c - a +0 spear
 d - a +2 dagger of venom (weapon)
Armour
 a - a +0 robe (worn)
Magical Staves
 m - a staff of earth
Jewellery
 f - an amulet of magic regeneration (around neck)
Scrolls
 g - 3 scrolls of enchant weapon {unknown}
 h - a scroll of teleportation
 i - 3 scrolls of identify {unknown}
 j - 2 scrolls of fear {unknown}
 k - a scroll of vulnerability {unknown}
 l - a scroll of immolation {unknown}
 o - a scroll of brand weapon {unknown}
 p - a scroll of blinking {unknown}
 q - a scroll of fog {unknown}
 r - a scroll of magic mapping {unknown}
Potions
 b - a potion of magic
 e - a potion of might {unknown}
 n - 2 potions of mutation
 s - 2 potions of cancellation {unknown}


   Skills:
 - Level 1.5 Dodging
 - Level 3.0 Stealth
 + Level 7.1 Spellcasting
 - Level 4.0 Conjurations


You had 17 spell levels left.
You knew the following spells:

 Your Spells              Type           Power      Damage    Failure   Level
a - Magic Dart            Conj           92%        1d7       1%          1
b - Searing Ray           Conj           46%        2d6       2%          2

Your spell library contained the following spells:

 Spells                   Type           Power      Damage    Failure   Level
 Dazzling Flash           Conj/Hex       30%        N/A       12%         3
 Gell's Gravitas          Tloc           7%         N/A       28%         3
 Teleport Other           Tloc           7%         N/A       28%         3
 Fulminant Prism          Conj/Hex       7%         3d6       38%         4
 Iskenderun's Mystic Bla  Conj/Tloc      15%        2d5       38%         4
 Dispersal                Tloc           3%         N/A       100%        6


Dungeon Overview and Level Annotations

Branches:
Dungeon (4/15)
 Temple: D:4-7

Altars:
Cheibriados
Hepliaklqana

Annotations:
D:4 Dowan


Innate Abilities, Weirdness & Mutations

Your serpentine skin is tough. (AC +2)
You have supernaturally acute eyesight. (SInv)
Armour fits poorly on your strangely shaped body.
Your system is resistant to poisons. (rPois)
You cover ground very slowly.
You can spit poison.
You have a snake-like lower body.
You have a pair of small horns on your head.


Message History

Casting: Searing Ray (safe; 2% risk of failure)
Confirm with . or Enter, or press ? or * to list all spells.
Aiming: Searing Ray (safe; 2% risk of failure)
Press: ? - help, Shift-Dir - straight line, f/p - Duvessa
Aim: Duvessa, wielding a +0 short sword and wearing a +0 scale mail (almost dead, 84% to hit)
The searing ray hits Duvessa!
You kill Duvessa!
You hear a distant wail of despair. (Press . to maintain the ray.)
Your Spellcasting skill increases to level 7!
You have reached level 7!
Unknown command.
Dowan is nearby!
Dowan is nearby!
Dowan is nearby!
You close the door.
You start resting.
Dowan, Brother of Duvessa opens the door.
He is wielding a +5 vampiric dagger.
Dowan is nearby!
Dowan is nearby!
Casting: Searing Ray (safe; 2% risk of failure)
Confirm with . or Enter, or press ? or * to list all spells.
Aiming: Searing Ray (safe; 2% risk of failure)
Press: ? - help, Shift-Dir - straight line, f - Dowan
Aim: Dowan, wielding a +5 vampiric dagger and wearing a +0 robe (wandering, hasn't noticed you, 69% to hit)
The searing ray hits Dowan!
Dowan is moderately wounded.
Dowan shouts! (Press . to maintain the ray.) Dowan seems to find hidden reserves of power!
Dowan hits you with a +5 vampiric dagger!
The searing ray hits Dowan!
Dowan is severely wounded.
Dowan casts a spell at you. The shard of ice hits you!
* * * LOW HITPOINT WARNING * * *
Unknown command.
The searing ray misses Dowan.
Dowan hits you with a +5 vampiric dagger.
You die...

..#.#<ยง.#.....# #.#....#
#<..#.#######.# #......######
#.....# #.# ###....#....#
#.####### #e# #....#....#
#.(.....# #.#####....#....#
#######.# #.......#)......#
..#####.########......##....#
...............e).....'...ee#####
..#####......###@...$.##.##......
### ######.# #......##.##...#..
#.# #......##.##...... ..#
#......##.##...... ## ###
#......##.##...... .#.#
#########.##...#.. .#.### #......
.#.#.. #.######## .#.#.#
########.#


You could see Dowan (fast).

Vanquished Creatures
  Duvessa (D:4)
  A black bear (D:4)
  A howler monkey (D:3)
  An iron imp (D:3)
  A sleepcap (D:4)
  Jessica (D:3)
  2 iguanas
  5 gnolls
  6 adders
  4 worms
  2 orcs (D:3)
  4 endoplasms
  2 giant cockroaches (D:1)
  2 goblins
  6 hobgoblins
  6 jackals
  3 quokkas
  4 ball pythons
  2 bats
  2 frilled lizards (D:1)
  6 kobolds
  A rat (D:1)
63 creatures vanquished.

Notes
Turn   | Place    | Note
-------+----------+-------------------------------------------
     0 | D:1      | 112233 the Naga Conjurer began the quest for the Orb.
     0 | D:1      | Reached XP level 1. HP: 15/15 MP: 3/3
   218 | D:1      | Reached XP level 2. HP: 22/22 MP: 0/5
   330 | D:1      | Found a faded altar of an unknown god.
   434 | D:1      | Reached skill level 3 in Spellcasting
  1266 | D:2      | Reached XP level 3. HP: 28/28 MP: 4/7
  1954 | D:3      | Learned a level 2 spell: Searing Ray
  1979 | D:3      | Reached XP level 4. HP: 36/36 MP: 6/9
  1991 | D:3      | Reached skill level 4 in Spellcasting
  2056 | D:3      | Reached XP level 5. HP: 35/42 MP: 8/12
  2086 | D:3      | Noticed Jessica
  2089 | D:3      | Killed Jessica
  2137 | D:3      | Reached skill level 5 in Spellcasting
  2475 | D:3      | Found a snail-covered altar of Cheibriados.
  3104 | D:4      | Noticed Duvessa
  3104 | D:4      | Noticed Dowan
  3117 | D:4      | Gained mutation: You have a pair of small horns on your
                  | head. [potion of mutation]
  3435 | D:4      | Noticed a black bear
  3534 | D:4      | Reached XP level 6. HP: 49/49 MP: 11/14
  3644 | D:4      | Found a hazy altar of Hepliaklqana.
  3656 | D:4      | Reached skill level 6 in Spellcasting
  3780 | D:4      | Killed a black bear
  4295 | D:4      | Killed Duvessa
  4296 | D:4      | Reached skill level 7 in Spellcasting
  4296 | D:4      | Reached XP level 7. HP: 23/55 MP: 8/17
  4310 | D:4      | Slain by Dowan

Illustrated notes

Levels and vault maps discovered:
D:1:      dpeg_arrival_chambers_temple_mockup, layout_loops_ring,
          ebering_ecumenical_altar_ruins, columned_hall_lemuel, corner_web_ring,
          minmay_pentomino_s2
D:2:      layout_loops_cross, st_stairs_8
D:3:      layout_basic, slow_altar_1, nicolae_elevator_lobby_plus, uniq_jessica
D:4:      layout_basic, mainiacjoe_overflow_tiny_flanked, temple_hall,
          uniq_duvessa

Skill      XL: |  1  2  3  4  5  6 |
---------------+-------------------+-----
Spellcasting   | 3 4 5 7 |  7.1
Dodging        | |  1.5
Stealth        | |  3.0
Conjurations   | |  4.0

Action                     |  1- 3 |  4- 6 |  7- 9 || total
---------------------------+-------+-------+-------++-------
  Melee: Unarmed           |     1 |       |       ||     1
   Cast: Magic Dart        |    65 |    77 |       ||   142
         Searing Ray       |       |    19 |     1 ||    20
Ability: Spit Poison       |       |     3 |       ||     3
    Use: Scroll            |       |     1 |       ||     1
         Potion            |       |     1 |       ||     1
 Armour: Robe              |       |     5 |       ||     5
  Dodge: Dodged            |       |    23 |       ||    23

Table legend: (Time is in decaauts)
 A = Elapsed time spent in this place.
 B = Non-inter-level travel time spent in this place.
 C = Inter-level travel time spent in this place.
 D = Time resting spent in this place.
 E = Time spent auto-exploring this place.
 F = Levels seen in this place.
 G = Mean time per level.
                   A        B        C        D        E       F      G
               +--------+--------+--------+--------+--------+-----+--------+
         Total |   5424 |   5191 |    233 |    650 |   4053 |   4 | 1356.0 |
       Dungeon |   5424 |   5191 |    233 |    650 |   4053 |   4 | 1356.0 |
               +--------+--------+--------+--------+--------+-----+--------+

Top non-repeatable levels by time:
     D:3: 1834 daAuts
     D:1: 1615 daAuts
     D:4: 1040 daAuts
     D:2: 935 daAuts
